 Dungeon Crawl Stone Soup version 0.22-a0-21-g9421e3f (webtiles) character file.

105034 Monsterracer the Brawler (level 15, -10/132 HPs)
             Began as a Purple Draconian Transmuter on Jan 1, 2018.
             Was the Champion of Makhleb.
             Mangled by a mana viper (18 damage)
             ... on level 1 of the Snake Pit on Jan 2, 2018.
             The game lasted 01:26:06 (37102 turns).

Monsterracer the Brawler (DrTm)                    Turns: 37102, Time: 01:26:07

Health: -10/132    AC: 14    Str: 13    XL:     15   Next: 93%
Magic:  11/24      EV: 13    Int: 19    God:    Makhleb [******]
Gold:   277        SH:  4    Dex: 12    Spells: 4/27 levels left

rFire    + . .     SeeInvis .     - Unarmed
rCold    . . .     Gourm    .   (shield currently unavailable)
rNeg     . . .     Faith    .   (armour unavailable)
rPois    +         Spirit   .   y - +2 hat
rElec    +         Reflect  +   (no cloak)
rCorr    .         Harm     .   (gloves currently unavailable)
MR       ++...                  Q - +2 pair of boots {Stlth+}
Stlth    ++........             M - +4 amulet of reflection
HPRegen  0.32/turn              U - ring "Qume" {Fire rPois}
MPRegen  0.19/turn              K - ring of Awoh Fea {+Blink rElec rC+}

@: about to teleport, blade hands (expiring), constricted, heavily drained
A: breathe power, unfitting armour, talons 1, cold-blooded, AC +9
a: Breathe Dispelling Energy, End Transformation, Minor Destruction, Lesser
Servant of Makhleb, Major Destruction, Greater Servant of Makhleb, Renounce
Religion, Evoke Blink


You were on level 1 of the Snake Pit.
You worshipped Makhleb.
Makhleb was exalted by your worship.
You were not hungry.
You had blades for hands.
You visited 4 branches of the dungeon, and saw 24 of its levels.
You also visited: Sewer.

You collected 3099 gold pieces.
You spent 2822 gold pieces at shops.

Inventory:

Missiles
 a - 646 arrows
 o - 2 throwing nets (quivered)
Armour
 d - a +2 buckler of protection (melded)
 p - a +0 pair of gloves (melded)
 y - a +2 hat (worn)
 Q - a +2 pair of boots of stealth (worn)
 V - the +2 shield of Resistance {rF+ rC+ MR+}
   (You bought it in a shop on level 2 of the Orcish Mines)

   It protects you from fire.
   It protects you from cold.
   It affects your resistance to hostile enchantments.
Magical Staves
 b - an uncursed staff of energy (melded) {!a}
Jewellery
 z - a +4 ring of dexterity
 E - an uncursed ring of protection from cold {!d}
 K - the ring of Awoh Fea (right scythe-like blade) {+Blink rElec rC+}
   (You found it on level 9 of the Dungeon)

   [ring of protection from cold]

   It protects you from cold.
   It insulates you from electricity.
   It lets you blink.
 M - a +4 amulet of reflection (around neck)
 U - the ring "Qume" (left scythe-like blade) {Fire rPois}
   (You found it on level 11 of the Dungeon)

   [ring of fire]

   It enhances your fire magic.
   It protects you from fire.
   It makes you vulnerable to cold.
   It protects you from poison.
Wands
 m - a wand of disintegration (14)
 s - a wand of acid (11)
 w - a wand of iceblast (36)
 G - a wand of paralysis (17)
 H - a wand of digging (26)
 I - a wand of polymorph (29)
 S - a wand of flame (25)
Scrolls
 l - 5 scrolls of fear {!r}
 n - 7 scrolls of fog
 t - 3 scrolls of identify
 u - 9 scrolls of teleportation
 x - 5 scrolls of blinking
 B - 2 scrolls of enchant armour
 C - 3 scrolls of magic mapping {!r}
 F - 6 scrolls of amnesia
 N - 6 scrolls of remove curse
Potions
 e - 3 potions of brilliance
 f - 12 potions of curing
 g - 4 potions of heal wounds
 i - 5 potions of lignification
 j - a potion of resistance
 k - 4 potions of flight
 q - 7 potions of invisibility
 r - 2 potions of might
 v - a potion of ambrosia {!q}
 A - 3 potions of mutation {!q}
 D - 2 potions of agility
 L - 4 potions of haste
 T - 2 potions of berserk rage {!q}
Books
 h - a book of Battle

   Spells                             Type                      Level
   a - Infusion                       Charms                       1
   b - Shroud of Golubria             Charms/Translocation         2
   c - Song of Slaying                Charms                       2
   d - Spectral Weapon                Hexes/Charms                 3
   e - Regeneration                   Charms/Necromancy            3
 O - a book of the Earth

   Spells                             Type                      Level
   a - Leda's Liquefaction            Hexes/Earth                  4
   b - Bolt of Magma                  Conjuration/Fire/Earth       5
   c - Statue Form                    Transmutation/Earth          6
   d - Iron Shot                      Conjuration/Earth            6
   e - Shatter                        Earth                        9
 P - a book of Debilitation

   Spells                             Type                      Level
   a - Corona                         Hexes                        1
   b - Slow                           Hexes                        2
   c - Inner Flame                    Hexes/Fire                   3
   d - Portal Projectile              Hexes/Translocation          3
   e - Cause Fear                     Hexes                        4
   f - Leda's Liquefaction            Hexes/Earth                  4
Comestibles
 c - 31 rations
 J - 2 chunks of flesh


   Skills:
 + Level 12.1(10.7) Fighting
 + Level 8.8(7.5) Dodging
 - Level 4.0(2.8) Shields
 * Level 15.3(13.8) Unarmed Combat
 + Level 6.5(5.3) Spellcasting
 - Level 3.0(1.9) Conjurations
 - Level 3.0(1.9) Hexes
 - Level 3.0(1.9) Translocations
 * Level 10.8(9.5) Transmutations
 - Level 3.1(1.9) Fire Magic
 - Level 3.0(1.8) Ice Magic
 + Level 9.5(8.1) Earth Magic
 + Level 10.8(9.4) Invocations
 - Level 3.0(1.9) Evocations


You had 4 spell levels left.
You knew the following spells:

 Your Spells              Type           Power        Failure   Level  Hunger
a - Ice Form              Ice/Tmut       ####....     50%         4    ####...
b - Conjure Flame         Conj/Fire      ###.....     56%         3    ##.....
c - Sticks to Snakes      Tmut           #####...     11%         2    None
d - Blade Hands           Tmut           #####.....   38%         5    #####..
e - Blink                 Tloc           N/A          43%         2    None
f - Confusing Touch       Hex            ##....       34%         1    None
g - Mephitic Cloud        Conj/Pois/Air  #.......     71%         3    ##.....
x - Passwall              Tmut/Erth      #####.....   12%         2    None
z - Apportation           Tloc           ##....       34%         1    None


Dungeon Overview and Level Annotations

Branches:
Dungeon (15/15)            Temple (0/1) D:7            Lair (6/6) D:8
 Shoals (0/4) Lair:3        Snake (1/4) Lair:4        Slime (0/5) Lair:6
    Orc (2/2) D:12            Elf (0/3) Orc:2        Vaults (0/5) D:13
 Depths (0/5) D:15

Altars:
Ashenzari
Cheibriados
Elyvilon
Gozag
Hepliaklqana
Kikubaaqudgha
Makhleb
Nemelex Xobeh
Okawaru
Ru
Uskayaw
Vehumet
Wu Jian
Beogh
Jiyva

Shops:
D:4 ?   D:5 ?   D:6 [   D:10 ?   D:14 %   Orc:2 ?(*[?

Annotations:
Lair:1 exclusion: oklob plant
Lair:5 exclusion: 3 oklob plants
Lair:6 1 runed door
Snake:1 1 transporter


Innate Abilities, Weirdness & Mutations

You can breathe bolts of dispelling energy.
Your rich purple scales are hard. (AC +9)
You cannot fit into any form of body armour.
You are cold-blooded and may be slowed by cold attacks.
You have sharp toenails.


Message History

The anaconda completely misses you.
The anaconda bites you but does no damage.
The black mamba bites you but does no damage.
You slash the mana viper!
Your tail-slap misses the mana viper.
The mana viper is severely wounded.
The anaconda grabs you. The anaconda misses you. The anaconda constricts you.
The mana viper closely misses you. The black mamba bites you!
You take 10 damage, and have 122/132 hp.
You barely miss the anaconda.
The anaconda bites you but does no damage.
The anaconda constricts you. The black mamba misses you.
The mana viper bites you!
You feel your power leaking away. The anaconda closely misses you.
The anaconda constricts you.
You take 13 damage, and have 109/132 hp.
You now have 12/24 mp.
You slice the anaconda!!
The anaconda is heavily wounded.
The black mamba misses you.
The anaconda bites you but does no damage.
You block the mana viper's attack. The anaconda barely misses you.
The anaconda constricts you. You block the black mamba's attack.
You take 4 damage, and have 105/132 hp.
You closely miss the anaconda.
The anaconda is heavily wounded.
The anaconda barely misses you. The mana viper barely misses you.
The anaconda misses you. The anaconda constricts you.
The black mamba bites you but does no damage.
You barely miss the anaconda.
The anaconda is heavily wounded.
The anaconda closely misses you.
The anaconda bites you but does no damage.
The anaconda constricts you. You block the mana viper's attack.
The black mamba bites you but does no damage.
The anaconda bites you!
You take 10 damage, and have 95/132 hp.
You closely miss the mana viper. You tail-slap the mana viper.
The mana viper is severely wounded.
The anaconda bites you but does no damage.
The anaconda constricts you. You block the black mamba's attack.
The anaconda bites you! The mana viper closely misses you.
The anaconda closely misses you. The anaconda constricts you.
You take 15 damage, and have 80/132 hp.
You hit the mana viper.
Your tail-slap misses the mana viper.
You slash the mana viper!
The mana viper is almost dead.
The black mamba barely misses you.
The anaconda bites you but does no damage.
The mana viper bites you but does no damage.
The anaconda closely misses you. The anaconda constricts you.
The black mamba bites you but does no damage.
A mana viper comes into view.
The anaconda's grasp on you weakens, but your attempt to escape fails.
The anaconda closely misses you. The anaconda bites you!
* * * LOW HITPOINT WARNING * * *
The anaconda constricts you.
The black mamba bites you but does no damage.
The mana viper bites you but does no damage.
The anaconda bites you.
* * * LOW HITPOINT WARNING * * *
The black mamba barely misses you.
You take 20 damage, and have 60/132 hp.
You escape the anaconda's grasp.
The mana viper hisses angrily.
The anaconda completely misses you. You block the anaconda's attack.
The mana viper closely misses you. The anaconda closely misses you.
The anaconda bites you but does no damage.
You block the anaconda's attack. The anaconda misses you.
The anaconda grabs you. The anaconda closely misses you.
The anaconda constricts you.
You escape the anaconda's grasp.
Your transformation is almost over.
The anaconda grabs you. The anaconda closely misses you.
* * * LOW HITPOINT WARNING * * *
The anaconda constricts you. The anaconda bites you.
* * * LOW HITPOINT WARNING * * *
* * * LOW HITPOINT WARNING * * *
The anaconda constricts you.
You take 6 damage, and have 56/132 hp.
As you read the scroll of teleportation, it crumbles to dust.
You feel strangely unstable. The anaconda misses you.
The anaconda closely misses you.
* * * LOW HITPOINT WARNING * * *
The anaconda constricts you. The anaconda bites you!
* * * LOW HITPOINT WARNING * * *
The mana viper bites you!
* * * LOW HITPOINT WARNING * * *
You feel your power leaking away.
You take 29 damage, and have 27/132 hp.
MASSIVE DAMAGE!!
You now have 11/24 mp.
The anaconda's grasp on you weakens, but your attempt to escape fails.
The anaconda bites you but does no damage.
* * * LOW HITPOINT WARNING * * *
The anaconda constricts you. The anaconda bites you.
* * * LOW HITPOINT WARNING * * *
The anaconda bites you!
* * * LOW HITPOINT WARNING * * *
* * * LOW HITPOINT WARNING * * *
The anaconda constricts you. The mana viper bites you!!
You die...

......#######...#..#
..#..##≈§§§###..#.#
##..#..#SSSSS§#++...#
#..#..!#SSSSSS§§+...#
.##......#SSSSSS#++..##
#........##SSSS###..##
.........#######...##
..##..##..#####...##
#... ##.N.SS@)### ....
##..SSS## ....# #######
...# ..#


You could see 2 anacondas, a naga ritualist, 2 mana vipers, a guardian serpent,
7 black mambas and 14 water moccasins.

Vanquished Creatures
  Louise (D:15)
  5 vault guards (D:13)
  14 hydras
  A naga warrior (Snake:1)
  3 catoblepae (Lair:6)
  2 centaur warriors
  A death knight (D:15)
  An anaconda (Snake:1)
  4 two-headed ogres
  5 orc high priests
  2 tengu warriors (D:14)
  4 death yaks (Lair:6)
  A deep elf knight (D:13)
  A shock serpent (Snake:1)
  The ghost of hyperaryth the Grappler, a novice TrTm of Makhleb (D:7)
  A fire crab (shapeshifter) (D:15)
  4 skeletal warriors
  An unseen horror (shapeshifter) (D:15)
  3 unseen horrors
  A necromancer (D:15)
  Pikel (D:4)
  5 orc knights
  2 phantasmal warriors (D:15)
  3 deep elf magi (D:15)
  8 orc sorcerers
  5 manticores
  5 cyclopes
  A salamander (Snake:1)
  2 merfolk sirens (Lair:3)
  3 centaur zombies
  2 naga magi
  11 spiny frogs
  5 black mambas
  7 komodo dragons
  A rime drake (Lair:3)
  A kobold demonologist (D:15)
  A redback zombie (D:15)
  A freezing wraith (D:15)
  A yaktaur (D:13)
  3 tengu conjurers
  A polar bear (Lair:4)
  The ghost of Apogee the Arsonist, a novice DEFE of Vehumet (D:6)
  6 wind drakes (D:15)
  4 trolls
  Grinder (D:4)
  3 blink frogs (Lair:5)
  A hornet (D:13)
  11 dream sheep
  8 hippogriffs
  A meliai zombie (D:14)
  9 air elementals (D:15)
  4 wraiths
  A shadow (D:8)
  4 wyverns
  3 fire bats (Lair:3)
  6 basilisks
  51 yaks
  Eustachio (D:5)
  Grum (D:8)
  2 hungry ghosts
  3 vampire mosquitoes (D:12)
  6 hogs (D:15)
  6 nagas (Snake:1)
  5 wargs
  A two-headed ogre zombie (D:12)
  17 insubstantial wisps
  A harpy simulacrum (D:15)
  Purgy (Sewer)
  2 acid dragons
  10 water moccasins
  6 porcupines
  2 black bears (D:8)
  6 ice beasts
  40 orc warriors
  7 sky beasts
  11 ogres
  11 wolves
  7 phantoms
  11 crocodiles
  17 centaurs
  Blork the orc (D:4)
  3 big kobolds (D:10)
  21 bullfrogs
  A wyvern zombie (D:12)
  2 gnoll sergeants
  9 scorpions
  A troll zombie (D:12)
  A water moccasin skeleton (D:8)
  8 killer bees
  5 wights (D:10)
  3 electric eels (Lair:3)
  4 crimson imps
  11 howler monkeys
  2 bullfrog zombies
  2 bullfrog skeletons
  A gnoll shaman (D:4)
  9 hounds
  7 jellies
  2 quasits
  24 orc priests
  4 centaur skeletons
  4 iguanas
  15 worker ants
  33 orc wizards
  6 ogre zombies (D:12)
  A hound zombie (D:5)
  2 worker ant zombies
  A howler monkey zombie (D:9)
  16 gnolls
  10 adders
  5 shadow imps
  2 oozes
  A worm (D:2)
  3 ball lightnings (D:15)
  A dart slug (D:1)
  4 leopard geckos
  106 orcs
  17 bats
  14 giant cockroaches
  9 goblins
  11 hobgoblins
  17 jackals
  2 quokkas
  A ball python (D:3)
  A ball python skeleton (D:4)
  10 frilled lizards
  A giant cockroach zombie (D:6)
  3 goblin skeletons
  3 goblin zombies (D:12)
  2 hobgoblin zombies (D:12)
  15 kobolds
  4 orc skeletons (D:12)
  13 orc zombies (D:12)
  10 rats
877 creatures vanquished.

Vanquished Creatures (collateral kills)
  Rupert (Orc:2)
  Josephine (Orc:2)
  A hydra (D:12)
  A two-headed ogre (D:8)
  An orc knight (Orc:2)
  A cyclops (D:12)
  2 wraiths (Orc:2)
  An adder (D:4)
9 creatures vanquished.

Vanquished Creatures (others)
  Kirke (D:15)
  A centaur warrior (D:15)
  A slave (D:4)
  14 ball lightnings (D:15)
  2 orcs
  A fungus (Lair:6)
  6 plants
26 creatures vanquished.

Grand Total: 912 creatures vanquished

Notes
Turn   | Place    | Note
-------+----------+-------------------------------------------
     0 | D:1      | Monsterracer the Draconian Transmuter began the quest for the Orb.
     0 | D:1      | Reached XP level 1. HP: 16/16 MP: 3/3
   273 | D:1      | Reached XP level 2. HP: 20/23 MP: 3/5
   288 | D:1      | Learned a level 2 spell: Sticks to Snakes
   682 | D:1      | Reached XP level 3. HP: 25/29 MP: 4/6
   687 | D:1      | Learned a level 3 spell: Spider Form
  1664 | D:3      | Reached XP level 4. HP: 27/36 MP: 5/7
  2144 | D:3      | Reached skill level 4 in Unarmed Combat
  2522 | D:3      | HP: 18/37 [kobold/whip (5)]
  3121 | D:4      | Reached XP level 5. HP: 37/42 MP: 4/8
  3125 | D:4      | Noticed Blork the orc
  3149 | D:4      | Killed Blork the orc
  3159 | D:4      | HP: 22/45 [something/puff of flame (5)]
  3167 | D:4      | Noticed Grinder
  3169 | D:4      | HP: 11/45 [Grinder/nerve-wracking pain (13)]
  3395 | D:4      | Found Oxyn Ijycre's Magic Scroll Boutique.
  3395 | D:4      | Noticed Pikel
  3395 | D:4      | Noticed a slave
  3395 | D:4      | Noticed a slave
  3395 | D:4      | Noticed a slave
  3395 | D:4      | Noticed a slave
  3450 | D:4      | Noticed an ogre
  3465 | D:4      | Killed an ogre
  3465 | D:4      | Reached skill level 5 in Unarmed Combat
  3465 | D:4      | Reached XP level 6. HP: 32/51 MP: 4/9
  3598 | D:4      | Killed Pikel
  3598 | D:4      | Reached skill level 6 in Unarmed Combat
  3598 | D:4      | Your scales start taking on a rich purple colour.
  3598 | D:4      | Reached XP level 7. HP: 59/59 MP: 4/10
  3853 | D:4      | Bought a scroll of blinking for 105 gold pieces
  4183 | D:4      | Found a sacrificial altar of Ru.
  4194 | D:4      | Reached XP level 8. HP: 67/67 MP: 7/11
  4213 | D:4      | Learned a level 5 spell: Blade Hands
  4217 | D:4      | Became a worshipper of Ru the Awakened
  4338 | D:4      | Bought a scroll of teleportation for 42 gold pieces
  4501 | D:4      | Found an ornate altar of the Wu Jian Council.
  4627 | D:4      | Killed Grinder
  4627 | D:4      | Reached skill level 7 in Unarmed Combat
  4775 | D:4      | Found a white marble altar of Elyvilon.
  4841 | D:4      | Reached skill level 5 in Fighting
  5127 | D:5      | Entered Level 5 of the Dungeon
  5191 | D:4      | Reached skill level 5 in Transmutations
  5701 | D:4      | Bought a scroll of fear for 49 gold pieces
  5701 | D:4      | Bought a scroll of magic mapping for 49 gold pieces
  5762 | D:5      | Found a sparkling altar of Nemelex Xobeh.
  5765 | D:5      | Found a hazy altar of Hepliaklqana.
  5766 | D:5      | Found a shattered altar of Ashenzari.
  5787 | D:5      | Found an iron altar of Okawaru.
  5832 | D:5      | Noticed Eustachio
  5845 | D:5      | Killed Eustachio
  5965 | D:5      | Found an ancient bone altar of Kikubaaqudgha.
  5973 | D:5      | Found Kasheq's Magic Scroll Emporium.
  6055 | D:6      | HP: 35/70 [gnoll sergeant/trident (9)]
  6057 | D:6      | Reached skill level 8 in Unarmed Combat
  6060 | D:6      | HP: 33/70 [poisoned by an adder]
  6066 | D:6      | HP: 30/70 [poisoned by an adder]
  6068 | D:6      | Noticed Apogee's ghost (novice DEFE)
  6072 | D:5      | HP: 28/70 [poisoned by an adder]
  6077 | D:5      | HP: 27/70 [poisoned by an adder]
  6085 | D:5      | HP: 27/70 [poisoned by an adder]
  6320 | D:6      | Found a burning altar of Makhleb.
  6327 | D:6      | Got a steaming hand axe
  6332 | D:6      | Fell from the grace of Ru
  6332 | D:6      | Became a worshipper of Makhleb the Destroyer
  6367 | D:6      | Reached XP level 9. HP: 70/75 MP: 9/12
  6413 | D:6      | Found a glowing drain.
  6433 | Sewer    | Entered a sewer
  6445 | Sewer    | Noticed Purgy
  6455 | Sewer    | Killed Purgy
  6455 | Sewer    | Reached skill level 1 in Invocations
  6784 | D:6      | Learned a level 2 spell: Blink
  7010 | D:6      | Identified the +7 hand axe of Opluox {protect, *Contam rPois Dex+3 Stlth+} (You found it on level 6 of the Dungeon)
  7173 | D:6      | Reached skill level 9 in Unarmed Combat
  7237 | D:6      | Gained mutation: You have sharp toenails. [mutagenic glow]
  7391 | D:6      | Killed Apogee's ghost
  7433 | D:6      | Found Sacet's Armour Emporium.
  7786 | D:7      | Reached * piety under Makhleb
  7830 | D:7      | Noticed hyperaryth's ghost (novice TrTm)
  7893 | D:7      | Found a staircase to the Ecumenical Temple.
  7922 | D:7      | Found a snail-covered altar of Cheibriados.
  7922 | D:7      | Found a radiant altar of Vehumet.
  8341 | D:7      | Reached XP level 10. HP: 50/84 MP: 16/16
  8857 | D:8      | Learned a level 4 spell: Ice Form
  8867 | D:8      | Noticed a two-headed ogre
  9095 | D:8      | Noticed a two-headed ogre
  9104 | D:8      | Killed a two-headed ogre
  9104 | D:8      | Reached skill level 1 in Translocations
  9214 | D:8      | Killed a two-headed ogre
  9410 | D:8      | Found a staircase to the Lair.
  9425 | D:8      | HP: 39/86 [orc warrior/flail (10)]
  9461 | D:8      | Noticed a two-headed ogre
  9673 | D:8      | HP: 37/86 [two-headed ogre/giant spiked club (13)]
  9702 | D:8      | HP: 43/86 [two-headed ogre/giant spiked club (1)]
  9730 | D:8      | Killed a two-headed ogre
  9730 | D:8      | Reached skill level 10 in Unarmed Combat
  9911 | D:8      | Learned a level 1 spell: Apportation
 10028 | D:8      | Reached ** piety under Makhleb
 10285 | D:8      | HP: 43/86 [something (1)]
 10293 | D:8      | HP: 40/86 [poisoned by a worker ant]
 10301 | D:8      | HP: 40/86 [poisoned by a worker ant]
 10508 | D:8      | Noticed Grum
 10526 | D:8      | Reached skill level 1 in Ice Magic
 10528 | D:8      | HP: 43/86 [Grum/spear (15)]
 10530 | D:8      | Killed Grum
 10539 | D:8      | HP: 34/86 [worker ant (5)]
 10545 | D:8      | HP: 35/86 [poisoned by a worker ant]
 10552 | D:8      | HP: 35/86 [poisoned by a worker ant]
 10560 | D:8      | HP: 35/86 [poisoned by a worker ant]
 11163 | D:9      | Got an ancient copper ring
 11165 | D:9      | Identified the ring of Awoh Fea {+Blink rElec rC+} (You found it on level 9 of the Dungeon)
 11239 | D:9      | Reached XP level 11. HP: 93/93 MP: 17/17
 11266 | D:9      | Reached skill level 5 in Invocations
 11368 | D:9      | Found a hide-covered altar of Uskayaw.
 12044 | D:7      | Killed hyperaryth's ghost
 12068 | D:6      | Bought a +2 pair of boots for 231 gold pieces
 12153 | Lair:1   | Entered Level 1 of the Lair of Beasts
 12286 | Lair:1   | Reached *** piety under Makhleb
 12434 | Lair:1   | Got a transparent hunting sling
 12543 | Lair:1   | Noticed a five-headed hydra
 12556 | Lair:1   | HP: 52/112 [five-headed hydra (13)]
 12557 | Lair:1   | Killed a five-headed hydra
 12829 | Lair:1   | Noticed a four-headed hydra
 12841 | Lair:1   | HP: 54/112 [four-headed hydra (8)]
 12842 | Lair:1   | Killed a four-headed hydra
 13068 | Lair:1   | Noticed an oklob plant
 13095 | Lair:1   | HP: 42/94 [oklob plant/splash of acid (14)]
 13585 | Lair:1   | Learned a level 1 spell: Confusing Touch
 13604 | Lair:1   | Learned a level 2 spell: Passwall
 14029 | Lair:2   | Reached skill level 5 in Spellcasting
 14033 | Lair:2   | Reached skill level 11 in Unarmed Combat
 14039 | Lair:2   | Reached skill level 1 in Evocations
 14041 | Lair:2   | Reached skill level 10 in Transmutations
 14046 | Lair:2   | HP: 40/95 [porcupine's spines (12)]
 14248 | Lair:2   | Learned a level 3 spell: Conjure Flame
 14784 | Lair:2   | Reached skill level 1 in Conjurations
 14784 | Lair:2   | Reached skill level 1 in Fire Magic
 14824 | Lair:2   | Found an opulent altar of Gozag.
 14828 | Lair:2   | HP: 46/95 [centaur/arrow (6)]
 14840 | Lair:2   | HP: 43/95 [centaur/arrow (4)]
 15982 | Lair:3   | Reached XP level 12. HP: 101/103 MP: 16/19
 16838 | Lair:3   | Reached skill level 5 in Dodging
 16998 | Lair:3   | Reached skill level 1 in Shields
 17041 | Lair:3   | Found a staircase to the Shoals.
 17142 | Lair:3   | Noticed a four-headed hydra
 17148 | Lair:3   | Killed a four-headed hydra
 17280 | Lair:4   | Reached skill level 12 in Unarmed Combat
 17288 | Lair:4   | Reached **** piety under Makhleb
 17393 | Lair:4   | Reached skill level 1 in Hexes
 17487 | Lair:4   | Noticed a seven-headed hydra
 17495 | Lair:4   | Killed a seven-headed hydra
 17558 | Lair:4   | Found a staircase to the Snake Pit.
 17732 | Lair:4   | Found a burning altar of Makhleb.
 18991 | Lair:5   | Noticed an eight-headed hydra
 19006 | Lair:5   | HP: 56/126 [eight-headed hydra (14)]
 19009 | Lair:5   | Killed an eight-headed hydra
 19011 | Lair:5   | HP: 38/126 [water moccasin (6)]
 19585 | Lair:6   | Entered Level 6 of the Lair of Beasts
 19663 | Lair:6   | Found a runed door.
 19768 | Lair:5   | Reached XP level 13. HP: 93/111 MP: 16/21
 19901 | Lair:5   | Reached skill level 1 in Earth Magic
 19901 | Lair:5   | HP: 54/111 [komodo dragon (21)]
 19912 | Lair:5   | HP: 11/111 [komodo dragon (42)]
 19974 | Lair:5   | HP: 23/111 [dream sheep (6)]
 20190 | Lair:6   | Found a viscous altar of Jiyva.
 20462 | Lair:6   | Learned a level 3 spell: Mephitic Cloud
 20730 | Lair:6   | Found a staircase to the Slime Pits.
 21324 | Lair:6   | Noticed an acid blob
 21340 | Lair:6   | Reached skill level 10 in Fighting
 21678 | Lair:6   | Reached skill level 13 in Unarmed Combat
 21789 | Lair:6   | Reached ***** piety under Makhleb
 21879 | Lair:6   | HP: 52/113 [death yak (11)]
 22528 | D:10     | Entered Level 10 of the Dungeon
 22528 | D:10     | Found Kuemokke's Magic Scroll Boutique.
 22569 | D:10     | Bought a scroll of blinking for 90 gold pieces
 22569 | D:10     | Bought a scroll of enchant armour for 90 gold pieces
 22660 | D:5      | Bought a scroll of acquirement for 624 gold pieces
 22704 | D:6      | Upgraded the game from 0.22-a0-3-g4fa69d9 to 0.22-a0-21-g9421e3f
 23174 | D:10     | Got a bone war axe
 23244 | D:10     | Got a warped falchion
 23940 | D:10     | Reached skill level 5 in Earth Magic
 24343 | D:11     | Found a transporter.
 24350 | D:11     | Found a roughly hewn altar of Beogh.
 24378 | D:11     | Reached XP level 14. HP: 104/122 MP: 19/23
 24413 | D:11     | Got a slimy bronze ring
 24415 | D:11     | Identified the ring "Qume" {Fire rPois} (You found it on level 11 of the Dungeon)
 24572 | D:11     | Found a transporter.
 25194 | D:11     | HP: 61/122 [centaur warrior/arrow (18)]
 25388 | D:11     | Reached ****** piety under Makhleb
 25906 | D:12     | Found a staircase to the Orcish Mines.
 26158 | D:12     | Found a roughly hewn altar of Beogh.
 26233 | D:12     | HP: 69/146 [five-headed hydra (17)]
 26241 | D:12     | HP: 30/146 [five-headed hydra (8)]
 26392 | D:12     | HP: 57/122 [eight-headed hydra (6)]
 27451 | D:12     | HP: 50/122 [cyclops/large rock (32)]
 27883 | Orc:1    | Entered Level 1 of the Orcish Mines
 27902 | Orc:1    | Reached skill level 14 in Unarmed Combat
 28691 | Orc:2    | Entered Level 2 of the Orcish Mines
 28798 | Orc:2    | Found Leudgh's Magic Scroll Boutique.
 28826 | Orc:2    | Bought a scroll of acquirement for 572 gold pieces
 28965 | Orc:2    | Noticed Rupert
 29117 | Orc:2    | Noticed Josephine
 29131 | Orc:2    | HP: 58/124 [orc warrior/hand axe of electrocution (15)]
 29366 | Orc:2    | Killed Rupert
 29438 | Orc:2    | Killed Josephine
 29803 | Orc:2    | Found a staircase to the Elven Halls.
 29969 | Orc:2    | Found Tacowkuh's Magic Scroll Shoppe.
 29969 | Orc:2    | Found Vyocem's Armour Boutique.
 29984 | Orc:2    | Found Asikesuc's Antique Weapon Shoppe.
 29984 | Orc:2    | Found Ublelano's Assorted Antiques.
 29995 | Orc:2    | Bought the +2 shield of Resistance {rF+ rC+ MR+} for 698 gold pieces
 29995 | Orc:2    | Found the +2 shield of Resistance {rF+ rC+ MR+}
 29997 | Orc:2    | Bought a brass ring for 170 gold pieces
 29997 | Orc:2    | Bought a scroll labeled NEM QOMNAPT for 34 gold pieces
 30352 | Orc:2    | Bought 2 scrolls labeled ATSAEGUBRE for 68 gold pieces
 30574 | D:13     | HP: 60/148 [six-headed hydra (15)]
 30825 | D:13     | Found the +6 arbalest "Damnation" {damnation}
 30918 | D:13     | Reached skill level 10 in Invocations
 31153 | D:13     | Found a shattered altar of Ashenzari.
 31523 | D:13     | Reached XP level 15. HP: 128/130 MP: 24/24
 31741 | D:13     | Paralysed by an orc sorcerer for 2 turns
 31890 | D:13     | Found a gate to the Vaults.
 32292 | D:14     | Found Ydatsu's Food Boutique.
 33141 | D:15     | Entered Level 15 of the Dungeon
 33578 | D:15     | Found a staircase to the Depths.
 33593 | D:15     | Reached skill level 15 in Unarmed Combat
 33866 | D:15     | HP: 59/132 [??? (57)]
 33873 | D:15     | HP: 15/132 [death knight/enchanted morningstar (25)]
 34363 | D:15     | Noticed Kirke
 34368 | D:15     | HP: 65/132 [centaur/arrow[a centaur warrior] (13)]
 34907 | D:15     | Killed Kirke
 35066 | D:15     | HP: 66/132 [orc knight/bardiche (26)]
 35072 | D:15     | HP: 47/132 [orc knight/bardiche (21)]
 35126 | D:15     | HP: 59/132 [ball lightning (3)]
 35471 | D:15     | Noticed Louise
 35496 | D:15     | Killed Louise
 36642 | Snake:1  | Entered Level 1 of the Snake Pit
 36642 | Snake:1  | Found a transporter.
 37093 | Snake:1  | HP: 65/132 [anaconda (3)]
 37100 | Snake:1  | HP: 61/132 [anaconda (1)]
 37101 | Snake:1  | HP: 27/132 [mana viper (11)]
 37102 | Snake:1  | HP: 12/132 [anaconda (11)]
 37102 | Snake:1  | Mangled by a mana viper

Vault maps used:
D:1:      saegor_arrival_simple_f
D:4:      old_standard_altar, elyvilon_altar_1, kennysheep_little_box,
          serial_shops, shop, kennysheep_generic_room_11, uniq_grinder,
          uniq_blork_the_orc, uniq_pikel
D:5:      lemuel_crystal_altar, nicolae_overflow_crystal_walls,
          grunt_temple_overflow_open, first_ration, serial_shops, shop,
          uniq_eustachio
D:6:      serial_shops, nicolae_shop_trees, gup_sewer_entry_pipe, basic_altar,
          kennysheep_generic_room_14
D:7:      old_forge, gammafunk_temple_overflow_elements,
          minmay_temple_entry_overgrown
D:8:      erik_lair_orcish_takeover, uniq_grum
D:9:      eat_drink_and_be_merry_uskayaw
D:10:     minmay_imperfect_grid, serial_shops, nicolae_shop_window_shopping,
          grunt_tengu_nest
D:11:     gammafunk_beogh_shrine
D:12:     zombieorc2_lemuel, lab_entry_generic, kennysheep_generic_room_6
D:13:     grunt_vaults_entry_fortified, basic_altar
D:14:     serial_shops, nicolae_shop_waterfront, minmay_misc_feat_diagonals
D:15:     grunt_enter_depths_magical_seal, serial_bayou_pond_d, aerie_lemuel,
          uniq_louise, uniq_kirke
Lair:1:   minmay_lair_oklob_bushes, serial_bayou_shore_b
Lair:2:   lemuel_centaur_altar
Lair:3:   elwin_shoals_entry_rooms, nicolae_volcano_entry_batcave,
          nicolae_quartered_pool_super, beast_lair_carwin_10
Lair:4:   dummy_snake_entry, basic_altar, grunt_megastairs_4
Lair:5:   minmay_lair_oklob_chamber
Lair:6:   evilmike_catoblepas_cave, slime_altar_2, grunt_megastairs_5
Snake:1:  gammafunk_its_a_trap, hangedman_venom_bottle
Orc:2:    grunt_orc_tribal_feast, serial_shops, nicolae_shop_statue_plus,
          nicolae_orc_bridge_out, uniq_rupert, uniq_josephine
Sewer:    kennysheep_door_sewer

Skill      XL: |  1  2  3  4  5  6  7  8  9 10 11 12 13 14 15 |
---------------+----------------------------------------------+-----
Dodging        | 2 3 4 5 6 8 |  8.8
Fighting       | 2 3 4 5 6 7 8 9 10 11 12 | 12.1
Unarmed Combat | 4 5 6 8 9 10 11 12 13 14 15 | 15.3
Transmutations | 3 4 6 7 9 10 | 10.8
Invocations    | 3 4 6 7 8 10 | 10.8
Spellcasting   | 4 5 6 |  6.5
Translocations | 3 |  3.0
Ice Magic      | 1 3 |  3.0
Evocations     | 2 3 |  3.0
Conjurations   | 1 3 |  3.0
Fire Magic     | 1 3 |  3.1
Shields        | 3 4 |  4.0
Hexes          | 2 3 |  3.0
Earth Magic    | 5 8 9 |  9.5

Action                   |  1- 3 |  4- 6 |  7- 9 | 10-12 | 13-15 || total
-------------------------+-------+-------+-------+-------+-------++-------
Melee: Unarmed           |   183 |   170 |   408 |   468 |  1244 ||  2473
       Tailslap          |    11 |    12 |    17 |    50 |   121 ||   211
       Kick              |     4 |       |    24 |    35 |       ||    63
       Headbutt          |     6 |       |       |       |       ||     6
       Punch             |     3 |     2 |     5 |    18 |    54 ||    82
       Staff             |       |       |       |       |     1 ||     1
 Cast: Beastly Appendage |     7 |       |       |       |       ||     7
       Spider Form       |       |     6 |    25 |     2 |       ||    33
       Sticks to Snakes  |       |       |     4 |    10 |     2 ||    16
       Blade Hands       |       |       |     1 |    67 |   157 ||   225
       Ice Form          |       |       |       |    12 |    10 ||    22
       Blink             |       |       |       |     1 |     8 ||     9
       Apportation       |       |       |       |     9 |       ||     9
       Conjure Flame     |       |       |       |     2 |     9 ||    11
       Passwall          |       |       |       |       |     2 ||     2
Invok: Minor Destruction |       |       |       |    43 |   119 ||   162
       Greater Servant o |       |       |       |       |     2 ||     2
       Lesser Servant of |       |       |       |       |     1 ||     1
 Abil: End Transformatio |       |       |       |       |     3 ||     3
       Breathe Dispellin |       |       |       |       |     2 ||     2
  Use: Scroll            |       |       |    12 |    11 |    16 ||    39
       Potion            |       |       |       |       |     3 ||     3
 Stab: Distracted        |       |     1 |     1 |     1 |     4 ||     7
       Sleeping          |       |       |     2 |     1 |     2 ||     5
       Held in net/web   |       |       |     1 |       |       ||     1
  Eat: Chunk             |     2 |     5 |    15 |    28 |    50 ||   100
       Ration            |       |     1 |     1 |     4 |     2 ||     8
Armor: Skin              |    58 |    43 |    84 |   115 |   289 ||   589
Dodge: Dodged            |   114 |   125 |   346 |   289 |   651 ||  1525
Block: Other             |       |       |       |    23 |   167 ||   190
       Buckler           |       |       |       |       |    15 ||    15
       Reflection        |       |       |       |       |    20 ||    20

Table legend:
 A = Spawn XP
 B = Non-spawn XP
 C = Spawn XP percentage of total XP
 D = Spawn monster count
 E = Non-spawn monster count
 F = Spawn count percentage of total count
 G = Total turns spent on level
                    A         B        C        D         E        F      G
               +---------+---------+-------+---------+---------+-------+---------
         Total |       0 |  150049 |   0.0 |       0 |     885 |   0.0 | 37102
               +---------+---------+-------+---------+---------+-------+---------
           D:1 |       0 |      56 |   0.0 |       0 |      28 |   0.0 |  1077
           D:2 |       0 |      32 |   0.0 |       0 |      15 |   0.0 |   516
           D:3 |       0 |      92 |   0.0 |       0 |      39 |   0.0 |  1641
           D:4 |       0 |    1807 |   0.0 |       0 |      37 |   0.0 |  2125
           D:5 |       0 |     605 |   0.0 |       0 |      15 |   0.0 |   954
           D:6 |       0 |    2170 |   0.0 |       0 |      34 |   0.0 |  1276
           D:7 |       0 |    1462 |   0.0 |       0 |      21 |   0.0 |  1483
           D:8 |       0 |    4671 |   0.0 |       0 |      45 |   0.0 |  2164
           D:9 |       0 |    1796 |   0.0 |       0 |      24 |   0.0 |  1022
          D:10 |       0 |    6351 |   0.0 |       0 |      46 |   0.0 |  1503
          D:11 |       0 |    7032 |   0.0 |       0 |      49 |   0.0 |  1855
          D:12 |       0 |   10120 |   0.0 |       0 |     108 |   0.0 |  1863
          D:13 |       0 |   14004 |   0.0 |       0 |      50 |   0.0 |  1830
          D:14 |       0 |    5707 |   0.0 |       0 |      19 |   0.0 |  1086
          D:15 |       0 |   28093 |   0.0 |       0 |      81 |   0.0 |  3106
        Lair:1 |       0 |    3619 |   0.0 |       0 |      12 |   0.0 |  1904
        Lair:2 |       0 |    4833 |   0.0 |       0 |      28 |   0.0 |  1935
        Lair:3 |       0 |    8178 |   0.0 |       0 |      34 |   0.0 |  1388
        Lair:4 |       0 |    4209 |   0.0 |       0 |      17 |   0.0 |   981
        Lair:5 |       0 |    4875 |   0.0 |       0 |      17 |   0.0 |  1889
        Lair:6 |       0 |   18306 |   0.0 |       0 |      44 |   0.0 |  2303
       Snake:1 |       0 |    5558 |   0.0 |       0 |      13 |   0.0 |   460
         Orc:1 |       0 |    2872 |   0.0 |       0 |      34 |   0.0 |  1123
         Orc:2 |       0 |   13445 |   0.0 |       0 |      69 |   0.0 |  1395
         Sewer |       0 |     156 |   0.0 |       0 |       6 |   0.0 |   223
               +---------+---------+-------+---------+---------+-------+---------

Vault maps used:
D:1:      saegor_arrival_simple_f
D:4:      old_standard_altar, elyvilon_altar_1, kennysheep_little_box,
          serial_shops, shop, kennysheep_generic_room_11, uniq_grinder,
          uniq_blork_the_orc, uniq_pikel
D:5:      lemuel_crystal_altar, nicolae_overflow_crystal_walls,
          grunt_temple_overflow_open, first_ration, serial_shops, shop,
          uniq_eustachio
D:6:      serial_shops, nicolae_shop_trees, gup_sewer_entry_pipe, basic_altar,
          kennysheep_generic_room_14
D:7:      old_forge, gammafunk_temple_overflow_elements,
          minmay_temple_entry_overgrown
D:8:      erik_lair_orcish_takeover, uniq_grum
D:9:      eat_drink_and_be_merry_uskayaw
D:10:     minmay_imperfect_grid, serial_shops, nicolae_shop_window_shopping,
          grunt_tengu_nest
D:11:     gammafunk_beogh_shrine
D:12:     zombieorc2_lemuel, lab_entry_generic, kennysheep_generic_room_6
D:13:     grunt_vaults_entry_fortified, basic_altar
D:14:     serial_shops, nicolae_shop_waterfront, minmay_misc_feat_diagonals
D:15:     grunt_enter_depths_magical_seal, serial_bayou_pond_d, aerie_lemuel,
          uniq_louise, uniq_kirke
Lair:1:   minmay_lair_oklob_bushes, serial_bayou_shore_b
Lair:2:   lemuel_centaur_altar
Lair:3:   elwin_shoals_entry_rooms, nicolae_volcano_entry_batcave,
          nicolae_quartered_pool_super, beast_lair_carwin_10
Lair:4:   dummy_snake_entry, basic_altar, grunt_megastairs_4
Lair:5:   minmay_lair_oklob_chamber
Lair:6:   evilmike_catoblepas_cave, slime_altar_2, grunt_megastairs_5
Snake:1:  gammafunk_its_a_trap, hangedman_venom_bottle
Orc:2:    grunt_orc_tribal_feast, serial_shops, nicolae_shop_statue_plus,
          nicolae_orc_bridge_out, uniq_rupert, uniq_josephine
Sewer:    kennysheep_door_sewer
